[Event "Early-Titled-Tuesday-Blitz-September-12-2023"]
[Site "Chess.com"]
[Date "2023.09.12"]
[Round "2"]
[White "masterofpuppets2"]
[Black "Shield12"]
[Result "0-1"]
[WhiteElo "2504"]
[BlackElo "2965"]
[TimeControl "180+1"]
[EndTime "8:16:06 PDT"]
[Termination "Shield12 won by resignation"]

1. d4 Nf6 2. c4 e6 3. Nf3 d5 4.
Nc3 Bb4 5. Qa4+ Nc6 6. cxd5 exd5 7. Bg5 h6 8. Bxf6 Qxf6 9. e3 O-O 10. Be2 Be6 11.
O-O a6 12. Qc2 Bd6 13. Na4 Ne7 14. Nc5 Bc8 15. Rfc1 Re8 16. b4 g5 17. Nd3 Ng6 18. Qc3 c6 19. a4 g4 20. Nd2 h5 21. b5 axb5 22. axb5 Rxa1 23. Rxa1 h4 24. Nf1 g3 25. hxg3 hxg3 26. fxg3 cxb5 27. Nf4 Bxf4 28. gxf4 Bf5 29. Bxb5 Rc8 30. Qd2 Rc2 31. Qe1 Be4 32. Ng3 Rxg2+ 33. Kf1 Qh4 34. Ra8+ Kh7 35. Bd3 Qh2 0-1

[Event "Early-Titled-Tuesday-Blitz-September-12-2023"]
[Site "Chess.com"]
[Date "2023.09.12"]
[Round "2"]
[White "Khromkin"]
[Black "OK97"]
[Result "0-1"]
[WhiteElo "2426"]
[BlackElo "2817"]
[TimeControl "180+1"]
[EndTime "8:16:09 PDT"]
[Termination "OK97 won by resignation"]

1. d4 Nf6 2. c4 g6 3. Nf3 Bg7 4. Nc3 d6 5. g3 O-O 6. Bg2 c6 7.
O-O Bf5 8. Nh4 Be6 9. d5 cxd5 10.
cxd5 Bd7 11. Nf3 a5 12. Nd4 Na6 13. h3 Nc5 14. e4 a4 15. Rb1 Qa5 16. Bd2 Qa6 17. Re1 Rfc8 18. Bf1 Qb6 19. Be3 Qd8 20. f3 a3 21. Qd2 axb2 22. Rxb2 Qa5 23. Rc1 Nh5 24. Kg2 Na4 25. Nxa4 Qxd2+ 26. Bxd2 Rxc1 27. Bxc1 Bxd4 28. Rb4 Rxa4 29. Rxb7 Rxa2+ 0-1

[Event "Early-Titled-Tuesday-Blitz-September-12-2023"]
[Site "Chess.com"]
[Date "2023.09.12"]
[Round "2"]
[White "Gareth-Bale11"]
[Black "DrDreBeats"]
[Result "1-0"]
[WhiteElo "2782"]
[BlackElo "2543"]
[TimeControl "180+1"]
[EndTime "8:16:10 PDT"]
[Termination "Gareth-Bale11 won by resignation"]

1. e4 d5 2. exd5 Qxd5 3. Nc3 Qa5 4. d4 Nf6 5. Nf3 Nc6 6. Bb5 Nd5 7. Qd3 Nxc3 8. bxc3 a6 9. Bc4 Qf5 10. O-O Qxd3 11.
Bxd3 Bg4 12. Ng5 h6 13. Ne4 O-O-O 14. h3 Bf5 15. Nd6+ Rxd6 16. Bxf5+ e6 17. Be4 g6 18. Rb1 Bg7 19. Bf4 Rdd8 20. Bxc6 bxc6 21. Rb4 Rd5 22. Rfb1 Rb5 23. a4 Rxb4 24. Rxb4 Re8 25. h4 Kd7 26. g4 e5 27. dxe5 Bxe5 28. Bxh6 Bxc3 29. Rc4 Be5 30.
Be3 Rh8 31. Re4 Bf6 32. g5 Bc3 33. Kg2 Rb8 34. Rf4 Ke6 35. Rc4 Be5 36. Rxc6+ Kd5 37. Rxa6 Rb4 38. a5 c5 39. Ra7 f5 40. gxf6 Bxf6 41.
Rc7 Rb5 42. a6 Be5 43. a7 Bxc7 44. a8=Q+ 1-0

[Event "Early-Titled-Tuesday-Blitz-September-12-2023"]
[Site "Chess.com"]
[Date "2023.09.12"]
[Round "2"]
[White "Nekoo04"]
[Black "LeoLV10"]
[Result "1-0"]
[WhiteElo "2287"]
[BlackElo "2491"]
[TimeControl "180+1"]
[EndTime "8:16:12 PDT"]
[Termination "Nekoo04 won by resignation"]

1. d4 Nf6 2. c4 e6 3. Nf3 b6 4. g3 Bb7 5. Bg2 Be7 6. O-O O-O 7. Nc3 Ne4 8. Qc2 Nxc3 9. bxc3 Nc6 10. d5 Na5 11.
Rd1 Qc8 12. Rd4 Bf6 13. Rf4 exd5 14. cxd5 Rb8 15. Rxf6 gxf6 16. Bh6 Bxd5 17. Qf5 d6 18.
Qxf6 Qg4 19. Ng5 1-0

[Event "Early-Titled-Tuesday-Blitz-September-12-2023"]
[Site "Chess.com"]
[Date "2023.09.12"]
[Round "2"]
[White "OPQRC"]
[Black "Massakru"]
[Result "0-1"]
[WhiteElo "2596"]
[BlackElo "2413"]
[TimeControl "180+1"]
[EndTime "8:16:13 PDT"]
[Termination "Massakru won by resignation"]

1. e4 e5 2. Nf3 Nc6 3. Bc4 Nf6 4. d4 exd4 5. e5 d5 6. Bb5 Ne4 7. Nxd4 Bd7 8. Bxc6 bxc6 9. O-O Bc5 10. f3 Ng5 11. f4 Ne4 12. Be3 O-O 13. Nd2 f6 14. Nxe4 dxe4 15. Kh1 fxe5 16. fxe5 Qe7 17. Qh5 Rxf1+ 18. Rxf1 Be8 19. Qg4 Bg6 20. Nxc6 Qe8 21. Bxc5 Qxc6 22. Bd4 Qc4 23. Qd1 Rd8 24. c3 c5 25. b3 Qd5 26. e6 Qxe6 0-1

[Event "Early-Titled-Tuesday-Blitz-September-12-2023"]
[Site "Chess.com"]
[Date "2023.09.12"]
[Round "2"]
[White "Maksimus1998"]
[Black "ckgchess"]
[Result "0-1"]
[WhiteElo "2562"]
[BlackElo "2863"]
[TimeControl "180+1"]
[EndTime "8:16:14 PDT"]
[Termination "ckgchess won by resignation"]

1. d4 Nf6 2. Nf3 d5 3. e3 e6 4. Bd3 Be7 5. O-O O-O 6. b3 c5 7.
Bb2 cxd4 8. exd4 b6 9. Qe2 Bb7 10. Nbd2 Nc6 11. a3 Bd6 12. Ne5 Ne7 13. Rae1 Rc8 14. f4 Qc7 15. g4 Ne4 16. Bxe4 dxe4 17. c4 f5 18. Rc1 Ng6 19. gxf5 exf5 20. Qe3 Qe7 21. b4 Bxe5 22. dxe5 Rcd8 23. Bd4 Qh4 24. Nb3 a5 25. Kh1 a4 26. Na1 Rxd4 27. Qxd4 e3+ 0-1

[Event "Early-Titled-Tuesday-Blitz-September-12-2023"]
[Site "Chess.com"]
[Date "2023.09.12"]
[Round "2"]
[White "Vladimir_Zakhartsov"]
[Black "Dixit_Nikhil"]
[Result "1-0"]
[WhiteElo "2894"]
[BlackElo "2572"]
[TimeControl "180+1"]
[EndTime "8:16:15 PDT"]
[Termination "Vladimir_Zakhartsov won by resignation"]

1. d4 Nf6 2. c4 g6 3. Nc3 Bg7 4. e4 d6 5. h3 O-O 6. Be3 a6 7. Nf3 c6 8. Bd3 b5 9. O-O Nbd7 10. e5 Ne8 11. exd6 Nxd6 12. c5 Nf5 13. Bxf5 gxf5 14. d5 Nf6 15. dxc6 Qxd1 16. Raxd1 Be6 17. Nd4 Rfc8 18. Rfe1 b4 19. Na4 Nd5 20. Nb6 Bxd4 21. Bxd4 Nxb6 22. cxb6 Rxc6 23. b7 Re8 24. Ba7 1-0

[Event "Early-Titled-Tuesday-Blitz-September-12-2023"]
[Site "Chess.com"]
[Date "2023.09.12"]
[Round "2"]
[White "Durarbayli"]
[Black "HalfIsCrayfish"]
[Result "1-0"]
[WhiteElo "2892"]
[BlackElo "2523"]
[TimeControl "180+1"]
[EndTime "8:16:16 PDT"]
[Termination "Durarbayli won by resignation"]

1. e4 c6 2. d4 d5 3. exd5 cxd5 4.
c4 Nf6 5. Nc3 Nc6 6. Nf3 Bg4 7.
cxd5 Nxd5 8. Qb3 Bxf3 9. gxf3 e6 10. Qxb7 Nxd4 11. Bb5+ Nxb5 12. Qc6+ Ke7 13. Qc5+ Qd6 14. Nxd5+ exd5 15. Qxb5 Qd7 16. Qe2+ Qe6 17. Be3 Kd8 18. O-O-O Bc5 19. Rxd5+ Qxd5 20. Rd1 Bxe3+ 21. fxe3 Rc8+ 22.
Kb1 Qxd1+ 23. Qxd1+ Ke7 24. Qd4 Rhd8 25. Qxa7+ Rd7 26. Qa4 g6 27. a3 h5 28. Qb4+ Ke8 29.
a4 Ra7 30. a5 Rca8 31. Qb5+ Kf8 32. b4 Kg8 33. Kb2 Rc7 34. Kb3 Rc1 35. Qd3 Rc7 36. a6 Rc6 37. b5 Rb6 38. Ka4 Rab8 39. Ka5 1-0

[Event "Early-Titled-Tuesday-Blitz-September-12-2023"]
[Site "Chess.com"]
[Date "2023.09.12"]
[Round "2"]
[White "MBA_CHESS_2021"]
[Black "falzehope0"]
[Result "1-0"]
[WhiteElo "2113"]
[BlackElo "2447"]
[TimeControl "180+1"]
[EndTime "8:16:17 PDT"]
[Termination "MBA_CHESS_2021 won by resignation"]

1. d4 e6 2. e4 d5 3. exd5 exd5 4. Bd3 f5 5. Nf3 Nf6 6. O-O Bd6 7. Re1+ Ne4 8. c4 c6 9. Nc3 O-O 10. cxd5 cxd5 11.
Nxd5 Bxh2+ 12. Nxh2 Qxd5 13. Nf3 Nc6 14. Be3 Kh8 15.
Rc1 b5 16. Bf4 Nxd4 17. Bxe4 fxe4 18. Qxd4 Qf5 19. Be5 exf3 20. Bxg7+ Kg8 21. Bxf8 Qg6 22. g3 Kxf8 23. Qd8+ Kf7 24. Rc7+ 1-0

[Event "Early-Titled-Tuesday-Blitz-September-12-2023"]
[Site "Chess.com"]
[Date "2023.09.12"]
[Round "2"]
[White "Rakitic2010"]
[Black "Athanasios2"]
[Result "1-0"]
[WhiteElo "2415"]
[BlackElo "2688"]
[TimeControl "180+1"]
[EndTime "8:16:19 PDT"]
[Termination "Rakitic2010 won by checkmate"]

1. e4 c5 2. Nf3 d6 3. d4 cxd4 4.
Nxd4 Nc6 5. Nc3 Nf6 6. f3 g6 7.
Be3 Bg7 8. Qd2 Bd7 9. h4 h5 10.
O-O-O Ne5 11. Be2 Rc8 12. Kb1 O-O 13. g4 Nc4 14. Bxc4 Rxc4 15. Rhg1 hxg4 16. h5 e5 17. h6 Bh8 18. h7+ Nxh7 19. Rh1 exd4 20. Qh2 Kg7 21. Nd5 Rg8 22. Bh6# 1-0

[Event "Early-Titled-Tuesday-Blitz-September-12-2023"]
[Site "Chess.com"]
[Date "2023.09.12"]
[Round "2"]
[White "ejam94"]
[Black "tylityli"]
[Result "1-0"]
[WhiteElo "2525"]
[BlackElo "2311"]
[TimeControl "180+1"]
[EndTime "8:16:20 PDT"]
[Termination "ejam94 won by resignation"]

1. d4 Nf6 2. Nf3 d5 3. e3 c5 4. dxc5 Qa5+ 5. Bd2 Qxc5 6. Na3 a6 7. c4 Nc6 8. Rc1 d4 9. Bd3 e5 10. O-O Be7 11. exd4 exd4 12. Nc2 a5 13. Re1 O-O 14.
a3 Bg4 15. h3 Bh5 16. b4 axb4 17. axb4 Qd6 18. c5 Qd7 19. b5 Bxf3 20. Qxf3 Na5 21. Nb4 Nb3 22. Bxh7+ Kxh7 23. Qxb3 Rac8 24. c6 bxc6 25. Nxc6 Rfe8 26. Qd3+ Kg8 27. Nxe7+ Rxe7 28. Rxc8+ 1-0

[Event "Early-Titled-Tuesday-Blitz-September-12-2023"]
[Site "Chess.com"]
[Date "2023.09.12"]
[Round "2"]
[White "RCone"]
[Black "Agibileg"]
[Result "0-1"]
[WhiteElo "2347"]
[BlackElo "2632"]
[TimeControl "180+1"]
[EndTime "8:16:21 PDT"]
[Termination "Agibileg won by resignation"]

1. e4 c5 2. Nc3 e6 3. Nf3 Nc6 4. d4 cxd4 5. Nxd4 Qc7 6. Be3 a6 7. Bd3 Nf6 8. O-O h5 9. Kh1 Ng4 10. Nf3 Nxe3 11. fxe3 Bc5 12. Qe2 b5 13. a3 Bb7 14. Qf2 f6 15. e5 Nxe5 16. Nxe5 Qxe5 17. Bg6+ Ke7 18. Rae1 Bd6 19. Qh4 Rh6 20. Bd3 g5 21. Qh3 h4 22. Be2 f5 23. e4 g4 24. Bxg4 fxg4 25.
Nd5+ exd5 26. exd5 gxh3 27. Rxe5+ Bxe5 28. Re1 Kd6 29. gxh3 Rg6 0-1

[Event "Early-Titled-Tuesday-Blitz-September-12-2023"]
[Site "Chess.com"]
[Date "2023.09.12"]
[Round "2"]
[White "Ind1anStar"]
[Black "Arystanner"]
[Result "0-1"]
[WhiteElo "2548"]
[BlackElo "2841"]
[TimeControl "180+1"]
[EndTime "8:16:23 PDT"]
[Termination "Arystanner won by resignation"]

1. c4 e5 2. Nc3 Bb4 3. g3 Bxc3 4. bxc3 f5 5. Bg2 Nf6 6. d4 e4 7. Nh3 O-O 8. O-O d6 9. f3 Nc6 10. Bg5 h6 11. Bxf6 Rxf6 12. fxe4 fxe4 13. Rxf6 Qxf6 14.
Qf1 Qxf1+ 15. Rxf1 Na5 16. Rf4 Bxh3 17. Bxh3 Re8 18.
Bg2 Nxc4 19. Rxe4 Rxe4 20. Bxe4 c6 21. Bf5 Kf7 22. Kf2 Kf6 23. Bc8 b6 24. e4 a5 25.
Ba6 Na3 26. Bd3 c5 27. Ke3 c4 28.
Bf1 b5 29. Bh3 Nb1 30. Bd7 Nxc3 31. Kd2 Nxe4+ 32. Ke3 Nc3 33. Kd2 b4 34. a3 Nb1+ 0-1

[Event "Early-Titled-Tuesday-Blitz-September-12-2023"]
[Site "Chess.com"]
[Date "2023.09.12"]
[Round "2"]
[White "DefiantChair"]
[Black "itsdsyr"]
[Result "1-0"]
[WhiteElo "2685"]
[BlackElo "2201"]
[TimeControl "180+1"]
[EndTime "8:16:23 PDT"]
[Termination "DefiantChair won by resignation"]

1. e4 e5 2. Nf3 Nc6 3. Bb5 a6 4. Ba4 Nf6 5. O-O Be7 6. Re1 b5 7. Bb3 d6 8. c3 O-O 9. h3 Bb7 10. d4 Re8 11. a4 Bf8 12. Nbd2 h6 13. Bc2 exd4 14. cxd4 Nb4 15. Bb1 c5 16. d5 Nd7 17.
Nf1 c4 18. Bd2 Nd3 19. Bxd3 cxd3 20. Ng3 Nc5 21. axb5 axb5 22. Rxa8 Qxa8 23. Bb4 Na4 24. b3 Nc5 25. Bxc5 dxc5 26. Qxd3 Qa5 27. Rc1 Ba6 28.
e5 c4 29. bxc4 bxc4 30. Qe4 c3 31. e6 fxe6 32. dxe6 Bc8 33. Nd4 Qa3 34. Rc2 Bc5 35. Ngf5 Qa1+ 36. Kh2 Qa7 37. Rxc3 Bb4 38. Rg3 g5 39.
Nxh6+ 1-0

[Event "Early-Titled-Tuesday-Blitz-September-12-2023"]
[Site "Chess.com"]
[Date "2023.09.12"]
[Round "2"]
[White "OparinGrigoriy"]
[Black "Casper"]
[Result "1-0"]
[WhiteElo "3022"]
[BlackElo "2433"]
[TimeControl "180+1"]
[EndTime "8:16:25 PDT"]
[Termination "OparinGrigoriy won on time"]

1. Nf3 Nf6 2. c4 g6 3. Nc3 Bg7 4. g3 O-O 5. Bg2 Nc6 6. d4 d6 7. O-O e5 8. dxe5 dxe5 9. Bg5 Be6 10. Qa4 Qe8 11. Rad1 Nd7 12. Nd5 Nb6 13. Qc2 Bxd5 14.
cxd5 Nb4 15. Qb3 a5 16. Nd2 Qa4 17. a3 Nc2 18. e3 f6 19. Rc1 fxg5 20. Rxc2 Rf7 21.
Rfc1 Raf8 22. Qxa4 Nxa4 23. Ne4 h6 24. Rxc7 Nxb2 25.
d6 Nd3 26. Rxf7 Nxc1 27. Rxb7 Nd3 28. Bh3 h5 29. Be6+ Kh8 30. d7 1-0

[Event "Early-Titled-Tuesday-Blitz-September-12-2023"]
[Site "Chess.com"]
[Date "2023.09.12"]
[Round "2"]
[White "splendidkid"]
[Black "AttilaTurzo"]
[Result "1-0"]
[WhiteElo "2754"]
[BlackElo "2475"]
[TimeControl "180+1"]
[EndTime "8:16:26 PDT"]
[Termination "splendidkid won by resignation"]

1. d4 Nf6 2. c4 e6 3. Nf3 d5 4.
Nc3 Bb4 5. cxd5 exd5 6. Bf4 O-O 7. e3 Nbd7 8. Bd3 c5 9. O-O Re8 10. a3 Ba5 11. dxc5 Bxc3 12. bxc3 Nxc5 13. Be2 Nfe4 14.
Be5 Bg4 15. Bd4 a6 16. h3 Bh5 17. c4 Bxf3 18. gxf3 Re6 19. fxe4 Rg6+ 20. Kh2 Nxe4 21. Rg1 Nxf2 22. Rxg6 Nxd1 23. Rxg7+ Kf8 24. Rxd1 dxc4 25. Rf1 Qxd4 26. Rfxf7+ Ke8 27. exd4 b5 28. Rxh7 Rc8 29. Ra7 1-0

[Event "Early-Titled-Tuesday-Blitz-September-12-2023"]
[Site "Chess.com"]
[Date "2023.09.12"]
[Round "2"]
[White "bescmelasti"]
[Black "Anton_Demchenko"]
[Result "0-1"]
[WhiteElo "2623"]
[BlackElo "2962"]
[TimeControl "180+1"]
[EndTime "8:16:29 PDT"]
[Termination "Anton_Demchenko won by resignation"]

1. e4 e5 2. Nf3 Nc6 3. Bc4 Nf6 4. d3 h6 5. O-O d6 6. c3 g5 7. a4 Bg7 8. Nbd2 Nh5 9. b4 Nf4 10. b5 Ne7 11. Qb3 O-O 12. Re1 c6 13. d4 Neg6 14. dxe5 dxe5 15. h3 Qf6 16. Ba3 Rd8 17. Rad1 h5 18.
Nh2 Nh4 19. Bf1 Be6 20. Nc4 cxb5 21. Qxb5 a6 22. Qxb7 Rdb8 23. Qe7 Qxe7 24. Bxe7 Bxc4 25. Bxc4 Nhxg2 26. Rf1 Nh4 27. Bxg5 Nxh3+ 28. Kh1 Nxg5 29. Rg1 Nxe4 0-1

[Event "Early-Titled-Tuesday-Blitz-September-12-2023"]
[Site "Chess.com"]
[Date "2023.09.12"]
[Round "2"]
[White "F-Ghaith2021"]
[Black "lioni26"]
[Result "1-0"]
[WhiteElo "2280"]
[BlackElo "2533"]
[TimeControl "180+1"]
[EndTime "8:16:29 PDT"]
[Termination "F-Ghaith2021 won by resignation"]

1. e4 c5 2. Nf3 d6 3. d4 cxd4 4. Nxd4 Nf6 5. Nc3 g6 6. f3 Bg7 7. Be3 O-O 8. Qd2 Nc6 9. Bc4 Bd7 10. Bb3 Ne5 11. O-O-O b5 12. Ncxb5 Qb8 13. Kb1 Bxb5 14. h4 a5 15. f4 Nxe4 16. Qe1 Nc4 17. h5 a4 18.
Bxc4 Bxc4 19. hxg6 hxg6 20. f5 e5 21. Qh4 Nf6 22.
Bg5 Nh5 23. Nc6 Qb7 24. Ne7+ Kh7 25. Qxh5+ 1-0

[Event "Early-Titled-Tuesday-Blitz-September-12-2023"]
[Site "Chess.com"]
[Date "2023.09.12"]
[Round "2"]
[White "Chaos_Magic"]
[Black "CSB7"]
[Result "0-1"]
[WhiteElo "2381"]
[BlackElo "2726"]
[TimeControl "180+1"]
[EndTime "8:16:30 PDT"]
[Termination "CSB7 won by resignation"]

1. d4 Nf6 2. Nf3 g6 3. c4 Bg7 4.
Nc3 O-O 5. e4 d6 6. h3 e5 7. d5 Nh5 8. g3 Qe8 9. Be2 f5 10. exf5 gxf5 11. Nh4 Nf6 12. Bg5 Na6 13. Qd2 Nc5 14. f3 Nh5 15. Rg1 Kh8 16. O-O-O f4 17.
g4 Ng3 18. Ng2 a6 19. Rge1 b5 20. cxb5 axb5 21. Bxb5 Qg6 22. Bh4 Nb3+ 23. axb3 Ra1+ 0-1

[Event "Early-Titled-Tuesday-Blitz-September-12-2023"]
[Site "Chess.com"]
[Date "2023.09.12"]
[Round "2"]
[White "DopplerCharlotteDeWitte"]
[Black "Gogolev_Artemy"]
[Result "1-0"]
[WhiteElo "2670"]
[BlackElo "2412"]
[TimeControl "180+1"]
[EndTime "8:16:30 PDT"]
[Termination "DopplerCharlotteDeWitte won by resignation"]

1. e4 c6 2. d4 d5 3. exd5 cxd5 4.
Bd3 Nf6 5. h3 Qc7 6. Nc3 a6 7.
Nce2 Nc6 8. c3 e6 9. Bf4 Bd6 10. Bxd6 Qxd6 11. Nf3 O-O 12. O-O b5 13. a3 Rb8 14. Re1 a5 15. b4 a4 16. Rc1 Qc7 17. Ng3 Ba6 18. Re3 Rfc8 19. Rc2 Qb6 20. Ne5 Ne7 21.
Nh5 Nxh5 22. Bxh7+ Kxh7 23. Qxh5+ 1-0

[Event "Early-Titled-Tuesday-Blitz-September-12-2023"]
[Site "Chess.com"]
[Date "2023.09.12"]
[Round "2"]
[White "Itk04"]
[Black "kacprekt"]
[Result "1-0"]
[WhiteElo "2738"]
[BlackElo "2431"]
[TimeControl "180+1"]
[EndTime "8:16:32 PDT"]
[Termination "Itk04 won by resignation"]

1. d4 Nf6 2. c4 e6 3. g3 c5 4. d5 exd5 5. cxd5 d6 6. Nc3 g6 7.
Bg2 Bg7 8. Nf3 O-O 9. O-O Re8 10. Re1 Bf5 11. Nd2 a6 12. a4 Qc8 13. Nc4 Qc7 14. Bf4 Rd8 15. a5 Nh5 16. Bg5 Re8 17. e4 Bd7 18.
Bf3 Nf6 19. Bf4 Bf8 20. e5 dxe5 21. Rxe5 Rxe5 22. Bxe5 Qd8 23. Nb6 Ra7 24. Qd2 Bb5 25. Qg5 Bg7 26. Ne4 h6 27. Nxf6+ Kh8 28. Qf4 g5 29. Qf5 1-0

[Event "Early-Titled-Tuesday-Blitz-September-12-2023"]
[Site "Chess.com"]
[Date "2023.09.12"]
[Round "2"]
[White "amintabatabaei"]
[Black "Diaschess88"]
[Result "1-0"]
[WhiteElo "3047"]
[BlackElo "2637"]
[TimeControl "180+1"]
[EndTime "8:16:34 PDT"]
[Termination "amintabatabaei won by resignation"]

1. e4 c5 2. Nf3 Nc6 3. Bb5 e6 4. Bxc6 bxc6 5. b3 f6 6. O-O d5 7.
e5 Be7 8. d3 f5 9. c4 Kf8 10.
Nc3 g5 11. Na4 g4 12. Nd2 h5 13. Ba3 Qa5 14. Rc1 d4 15. Qe1 h4 16. Nb1 Qd8 17.
Bxc5 Bxc5 18. Nxc5 Nh6 19. b4 Nf7 20. Nd2 Kg7 21.
f4 a5 22. b5 cxb5 23. cxb5 h3 24. Qg3 Rb8 25. a4 Qd5 26. Ndb3 Bb7 27. Nxb7 hxg2 28.
Qxg2 Qxg2+ 29. Kxg2 Rxb7 30. Nxd4 Nd8 31. Rc8 Rd7 32.
Rxd8 1-0

[Event "Early-Titled-Tuesday-Blitz-September-12-2023"]
[Site "Chess.com"]
[Date "2023.09.12"]
[Round "2"]
[White "Goryachkina"]
[Black "pankajfm"]
[Result "1-0"]
[WhiteElo "2674"]
[BlackElo "2102"]
[TimeControl "180+1"]
[EndTime "8:16:37 PDT"]
[Termination "Goryachkina won by resignation"]

1. e4 c5 2. Nf3 Nc6 3. Bb5 g6 4. O-O Bg7 5. Re1 Nf6 6. c3 O-O 7. d4 cxd4 8. cxd4 d5 9. e5 Ne4 10.
h3 h5 11. Nc3 Bf5 12. Nh4 Nxc3 13. bxc3 Be6 14. Bd3 Rc8 15. f4 Qb6 16. Kh1 Na5 17. f5 gxf5 18. Qxh5 Rxc3 19. Nxf5 Bxf5 20. Bxf5 Rd8 21.
e6 Qxd4 22. Qxf7+ Kh8 23. Qh5+ Kg8 24. Bh7+ Kh8 25. Bg6+ Kg8 26. Qh7+ Kf8 27. Rf1+ Qf6 28. Rxf6+ exf6 29. Bh6 Rc7 30. Bxg7+ Rxg7 31. Qh8+ 1-0

[Event "Early-Titled-Tuesday-Blitz-September-12-2023"]
[Site "Chess.com"]
[Date "2023.09.12"]
[Round "2"]
[White "viktorskliarov"]
[Black "lachesisQ"]
[Result "0-1"]
[WhiteElo "2653"]
[BlackElo "3068"]
[TimeControl "180+1"]
[EndTime "8:16:42 PDT"]
[Termination "lachesisQ won by resignation"]

1. e4 c5 2. Nf3 d6 3. d4 cxd4 4.
Qxd4 a6 5. Be3 Nc6 6. Qd2 g6 7. Nc3 Bg7 8. O-O-O Qa5 9. Nd4 Nf6 10. Kb1 O-O 11. f3 Bd7 12. g4 Rfc8 13. h4 h5 14. g5 Ne8 15. Nd5 Qd8 16. Nxc6 Rxc6 17. Bd4 Rac8 18.
c3 Bxd4 19. Qxd4 b5 20. Bd3 e6 21. Nb4 Rb6 22. f4 a5 23. Nc2 Qc7 24. Ne3 e5 25. fxe5 dxe5 26. Nd5 exd4 27. Nxc7 Nxc7 28. cxd4 Ne6 29.
d5 Nf4 30. Bf1 Bg4 31. Re1 Re8 32. Rh2 Nxd5 0-1

[Event "Early-Titled-Tuesday-Blitz-September-12-2023"]
[Site "Chess.com"]
[Date "2023.09.12"]
[Round "2"]
[White "yuki_chess123"]
[Black "MatyChess1"]
[Result "0-1"]
[WhiteElo "2177"]
[BlackElo "2684"]
[TimeControl "180+1"]
[EndTime "8:16:42 PDT"]
[Termination "MatyChess1 won on time"]

1. e4 c6 2. d3 d5 3. Nd2 g6 4. Ngf3 Bg7 5. g3 e5 6. Bg2 Ne7 7. O-O O-O 8. b4 a5 9. bxa5 Rxa5 10. Bb2 Qc7 11. Re1 Nd7 12. a4 Ra8 13. Ra2 d4 14.
Qa1 c5 15. Nc4 Nc6 16. c3 Ndb8 17. Ba3 Na6 18. Rb1 Be6 19. Nb6 Bxa2 20. Nxa8 Rxa8 21.
Qxa2 dxc3 22. Qc4 Nd4 23. Nxd4 cxd4 24. Qxc7 Nxc7 25. Rxb7 Ne6 26. a5 Bf8 27. Bxf8 Kxf8 0-1

[Event "Early-Titled-Tuesday-Blitz-September-12-2023"]
[Site "Chess.com"]
[Date "2023.09.12"]
[Round "2"]
[White "pasteta13"]
[Black "Aradhya2000"]
[Result "0-1"]
[WhiteElo "2410"]
[BlackElo "2695"]
[TimeControl "180+1"]
[EndTime "8:16:44 PDT"]
[Termination "Aradhya2000 won by resignation"]

1. e4 e5 2. Nf3 Nc6 3. d4 exd4 4. Bc4 Nf6 5. O-O Nxe4 6. Re1 d5 7. Bxd5 Qxd5 8. Nc3 Qh5 9. Nxe4 Be6 10. Nxd4 Qxd1 11.
Rxd1 O-O-O 12. Be3 Nxd4 13. Rxd4 Rxd4 14. Bxd4 f6 15.
Re1 Bf7 16. f3 b6 17. a3 a5 18. Kf2 h5 19. h4 Kd7 20. Bc3 Be7 21. Rd1+ Kc6 22.
Re1 Re8 23. g4 Bf8 24. Bd4 hxg4 25. fxg4 Kd5 26. Nxf6+ gxf6 27. Rxe8 Bxe8 28. Bxf6 Bg6 29. h5 Bxc2 30. g5 Bd1 31. g6 Bxh5 32. g7 Bc5+ 0-1

[Event "Early-Titled-Tuesday-Blitz-September-12-2023"]
[Site "Chess.com"]
[Date "2023.09.12"]
[Round "2"]
[White "Tea99"]
[Black "Saif_Malek04"]
[Result "0-1"]
[WhiteElo "2403"]
[BlackElo "2636"]
[TimeControl "180+1"]
[EndTime "8:16:45 PDT"]
[Termination "Saif_Malek04 won on time"]

1. e4 e5 2. Nf3 Nc6 3. Bc4 Nf6 4.
Ng5 Bc5 5. Bxf7+ Ke7 6. Bb3 Rf8 7. O-O h6 8. Nf3 d6 9. c3 Bg4 10. h3 Bh5 11. d3 Qd7 12. Be3 Bb6 13. Nbd2 Nh7 14.
d4 exd4 15. cxd4 Bxd4 16. Ba4 Bb6 17. Rc1 Ng5 18. Bxg5+ hxg5 19. Qb3 g4 20. hxg4 Qxg4 21. Bxc6 bxc6 22. e5 Qg6 23. exd6+ cxd6 24. Rxc6 Rac8 25. Rxc8 Rxc8 26. Re1+ Kd7 27. Qd5 Qf7 0-1

[Event "Early-Titled-Tuesday-Blitz-September-12-2023"]
[Site "Chess.com"]
[Date "2023.09.12"]
[Round "2"]
[White "AvitalBor"]
[Black "CrushingKings"]
[Result "1-0"]
[WhiteElo "2818"]
[BlackElo "2548"]
[TimeControl "180+1"]
[EndTime "8:16:49 PDT"]
[Termination "AvitalBor won by resignation"]

1. e4 g6 2. h4 Bg7 3. h5 c5 4. Nc3 Nc6 5. Nf3 e6 6. d3 Nge7 7. h6 Bf6 8. e5 Nxe5 9. Ne4 Nxf3+ 10. Qxf3 Nd5 11. c4 Be5 12. cxd5 exd5 13. Bg5 Qa5+ 14. Bd2 Qb6 15. Ng5 O-O 16. Be2 Qxb2 17. Rd1 Bc3 18. Qxd5 d6 19. Ne4 Be5 20. Qb3 Qxb3 21.
axb3 Be6 22. f4 Bd4 23. Nxd6 Bxb3 24. Rb1 Bd5 25. Bf3 Bxf3 26. gxf3 b6 27. f5 Rfd8 28.
Nb5 Be5 29. fxg6 fxg6 30. f4 Bf6 31. Ke2 a6 32. Nc3 b5 33. Ne4 Bd4 34. Be3 c4 35. dxc4 bxc4 36. Rhc1 Bxe3 37. Kxe3 Rd3+ 38. Ke2 Rd4 39.
Kf3 Re8 40. Nf6+ 1-0

[Event "Early-Titled-Tuesday-Blitz-September-12-2023"]
[Site "Chess.com"]
[Date "2023.09.12"]
[Round "2"]
[White "laiciffOneslraCsungaM"]
[Black "Aash20"]
[Result "0-1"]
[WhiteElo "2329"]
[BlackElo "2532"]
[TimeControl "180+1"]
[EndTime "8:16:49 PDT"]
[Termination "Aash20 won by resignation"]

1. d4 d5 2. c4 c6 3. Nf3 Nf6 4. g3 dxc4 5. Bg2 g6 6. O-O Bg7 7. a4 O-O 8. Qc2 Be6 9. Na3 Qd5 10. Ng5 Qd7 11. Nxe6 Qxe6 12. Nxc4 Nbd7 13. e3 Nb6 14. b3 Rad8 15. Bb2 Nfd5 16. Ba3 Rfe8 17. a5 Nc8 18. a6 b6 19. Rfc1 b5 20. Nb2 b4 21. Bxd5 cxd5 22. Bxb4 Nb6 23. Nd3 h5 24. h4 Qg4 25. Bd6 Rxd6 0-1

[Event "Early-Titled-Tuesday-Blitz-September-12-2023"]
[Site "Chess.com"]
[Date "2023.09.12"]
[Round "2"]
[White "Road2GM3000"]
[Black "Herman-NY"]
[Result "0-1"]
[WhiteElo "2336"]
[BlackElo "2534"]
[TimeControl "180+1"]
[EndTime "8:16:50 PDT"]
[Termination "Herman-NY won by resignation"]

1. d4 Nf6 2. c3 g6 3. Bf4 Bg7 4. e3 O-O 5. Bd3 d6 6. Nf3 Nfd7 7. Bg3 e5 8. Nbd2 a5 9. Qc2 a4 10. h4 h6 11. h5 g5 12. O-O-O a3 13. b3 Nc6 14. Nc4 Qe7 15. dxe5 Ncxe5 16. Nfxe5 Nxe5 17. Nxe5 Bxe5 18. f4 Bg7 19. Rde1 Qf6 20. fxg5 Qxg5 21. Bf4 Qf6 22. Ref1 Ra5 23. Rf3 Rc5 24. c4 b5 25. Rg3 bxc4 26. bxc4 Be6 27. Kd2 Rb8 28. Rb1 Rb2 29. Rxb2 axb2 30. Qb3 Bf5 31. Bxf5 Rxf5 32.
Kc2 Rxh5 33. a4 Qf5+ 34. Kd2 b1=Q 0-1

[Event "Early-Titled-Tuesday-Blitz-September-12-2023"]
[Site "Chess.com"]
[Date "2023.09.12"]
[Round "2"]
[White "Herzog2012"]
[Black "RebecaJimnz"]
[Result "1-0"]
[WhiteElo "2486"]
[BlackElo "2208"]
[TimeControl "180+1"]
[EndTime "8:16:50 PDT"]
[Termination "Herzog2012 won by resignation"]

1. e4 c5 2. Nf3 Nc6 3. d4 cxd4 4.
Nxd4 g6 5. Nc3 Bg7 6. Be3 Nf6 7. f3 O-O 8. Nb3 d6 9. Be2 a5 10. a4 Be6 11. Nd5 Bxd5 12. exd5 Ne5 13. O-O Rc8 14. Qd2 Nc4 15. Bxc4 Rxc4 16. Nxa5 Qc7 17. Nxc4 Qxc4 18. Rfd1 Rc8 19. b3 Qxd5 20. Rac1 Qc6 21. c4 Nd7 22. Qd5 Qa6 23. Qb5 Bb2 24. Qxd7 Bxc1 25. Qxc8+ 1-0